 Dungeon Crawl Stone Soup version 0.31-a0-161-gb58dd9be76 (webtiles) character file.

Game seed: 18087396317132593355

5047 mopl the Magician (level 10, -2/62 (63) HPs)
             Began as an Octopode Hedge Wizard on June 12, 2023.
             Was a Believer of Vehumet.
             Killed by their own static electricity (5 damage)
             ... on level 9 of the Dungeon.
             The game lasted 00:15:16 (7964 turns).

mopl the Magician (Octopode Hedge Wizard)           Turns: 7964, Time: 00:15:16

HP:   -2/62 (63)    AC:  1    Str: 13    XL:     10   Next: 55%
MP:   19/30         EV: 14    Int: 21    God:    Vehumet [**....]
Gold: 55            SH:  0    Dex: 13    Spells: 7/23 levels left

rFire   + + +        l - +3 spear of a Gauntlet {drain, rF++ Will- Dex+2 SInv}
rCold   + . .        (no shield)
rNeg    + . .        b - +0 hat
rPois   .            z - amulet of the acrobat
rElec   .            e - ring of protection from fire
rCorr   +            q - ring of resist corrosion
SInv    +            B - ring of Mijex {Drain rN+ MP+9 Str+3}
Will    .....        F - ring of protection from cold
Stlth   +++          (no ring)
HPRegen 0.30/turn    (no ring)
MPRegen 0.22/turn    (no ring)
                     (no ring)

%: acrobat
@: lightly drained
A: almost no armour, amphibious, 8 rings, camouflage 1, gelatinous body 1,
(nimble swimmer 1), tentacles
a: Renounce Religion


You were on level 9 of the Dungeon.
You worshipped Vehumet.
Vehumet was pleased with you.
You visited 1 branch of the dungeon, and saw 9 of its levels.
You also visited: Bailey.

You collected 444 gold pieces.
You spent 389 gold pieces at shops.

Inventory:

Hand Weapons
 a - a +0 dagger
 l - the +3 spear of a Gauntlet (weapon) {drain, rF++ Will- Dex+2 SInv}
   (You found it on level 3 of the Dungeon)

   Dex:       It affects your dexterity (+2).
   rF:        It greatly protects you from fire.
   SInv:      It lets you see invisible.
   Will:      It decreases your willpower.
Missiles
 r - 19 poisoned darts
 t - 3 boomerangs
 v - 2 silver javelins
 D - 4 throwing nets
Armour
 b - a +0 hat (worn)
 o - a +0 kite shield
Magical Staves
 p - a staff of death
 A - a staff of earth
 C - a staff of fire
Jewellery
 e - a ring of protection from fire (left tentacle)
 q - a ring of resist corrosion (right tentacle)
 z - an amulet of the acrobat (around mantle)
 B - the ring of Mijex (on tentacle) {Drain rN+ MP+9 Str+3}
   (You acquired it in a bailey)

   [ring of magical power]

   Str:       It affects your strength (+3).
   rN:        It protects you from negative energy.
   MP:        It affects your magic capacity (+9).
   Drain:     It drains your maximum health when unequipped.
 F - a ring of protection from cold (on tentacle)
Wands
 E - a wand of digging (5)
Scrolls
 d - 5 scrolls of revelation
 f - 6 scrolls of identify
 g - 2 scrolls of vulnerability {unknown}
 h - a scroll of blinking {unknown}
 j - a scroll of poison {unknown}
 m - 5 scrolls of teleportation
 s - 2 scrolls of fear {unknown}
 u - 2 scrolls of fog
 w - a scroll of enchant weapon {unknown}
 x - a scroll of immolation {unknown}
 y - a scroll of silence {unknown}
 G - a scroll of torment {!r}
 I - a scroll of amnesia
 J - 2 scrolls of enchant armour
 K - a scroll of noise {unknown}
Potions
 c - a potion of magic
 i - 3 potions of lignification {!q}
 k - 4 potions of heal wounds
 n - 4 potions of curing {unknown}
 H - a potion of cancellation
 L - a potion of might {unknown}


   Skills:
 + Level 4.0 Fighting
 + Level 4.5 Dodging
 - Level 2.6 Stealth
 + Level 6.3 Shields
 + Level 7.4 Spellcasting
 + Level 7.2 Conjurations
 - Level 1.0 Summonings
 - Level 3.0 Translocations
 + Level 6.3 Air Magic


You had 7 spell levels left.
You knew the following spells:

 Your Spells              Type           Power      Damage    Failure   Level
a - Magic Dart            Conj           100%       1d8       1%          1
b - Static Discharge      Conj/Air       72%        2-5/arc   1%          2
c - Mephitic Cloud        Conj/Pois/Air  26%        N/A       4%          3
d - Iskenderun's Mystic   Conj/Tloc      29%        2d7       11%         4
e - Blink                 Tloc           40%        N/A       3%          2
f - Airstrike             Air            17%        2d(3-19)  6%          4

Your spell library contained the following spells:

 Spells                   Type           Power      Damage    Failure   Level
 Dazzling Flash           Conj/Hex       44%        N/A       6%          3
 Searing Ray              Conj           76%        2d7       1%          2
 Cigotuvi's Dreadful Rot  Necr/Pois/Air  32%        N/A       5%          2
 Stone Arrow              Conj/Erth      44%        3d9       6%          3
 Sandblast                Erth           14%        2d6       9%          1
 Slow                     Hex            28%        N/A       9%          1
 Call Imp                 Summ           24%        N/A       9%          2
 Passwall                 Tmut/Erth      5%         N/A       13%         2
 Volatile Blastmotes      Fire/Tloc      28%        2d12      14%         3
 Fulminant Prism          Conj/Hex       11%        3d9       19%         4
 Summon Lightning Spire   Summ/Air       23%        N/A       19%         4
 Confusing Touch          Hex            7%         N/A       26%         3
 Vampiric Draining        Necr           7%         2d6       26%         3
 Alistair's Intoxication  Tmut/Pois      4%         N/A       93%         5
 Borgnjor's Vile Clutch   Necr/Erth      3%         N/A       93%         5
 Lee's Rapid Deconstruct  Erth           3%         3d5*      93%         5
 Eringya's Noxious Bog    Tmut/Pois      3%         N/A       100%        6
 Lehudib's Crystal Spear  Conj/Erth      11%        10d4      100%        8
 Animate Armour           Summ/Erth      Unusable   N/A       N/A         4

Dungeon Overview and Level Annotations

Branches:
Dungeon (9/15)             Temple (0/1) D:7            Lair (0/5) D:9
 Bailey (visited)
    Orc: D:9-12

Altars:
Ashenzari
Cheibriados
Fedhas
Gozag
Hepliaklqana
Sif Muna
Vehumet
Zin

Shops:
D:8 ?

Annotations:
D:9 fly


Innate Abilities, Weirdness & Mutations

You cannot wear most types of armour.
You are amphibious.
You can wear up to eight rings at the same time.
Your skin changes colour to match your surroundings (Stealth+).
Your rubbery body absorbs attacks. (AC +1, EV +1)
((You are camouflaged when in or above water. (Stealth+)))
You have tentacles for arms and can constrict up to eight enemies at once.


Message History

The wight is struck by an arc of lightning.
The wight is severely damaged.
You are struck by an arc of lightning.
The lightning grounds out.
The wight hits you with a +5 mace! You partially resist.
You feel drained.
Casting: Static Discharge (safe; 1% risk of failure)
Confirm with . or Enter, or press ? or * to list all spells.
The wight is struck by an arc of lightning.
You destroy the wight!
Vehumet accepts your kill.
You feel your power returning.
You are struck by an arc of lightning.
The centaur shoots an arrow.
The arrow hits you!
* * * LOW HITPOINT WARNING * * *
Your Fighting skill increases to level 4!
You close the door, pushing everything out of the way.
You see here a +5 mace.
You start resting.
Something unseen opens the door.
Casting: Static Discharge (safe; 1% risk of failure)
Confirm with . or Enter, or press ? or * to list all spells.
The centaur is struck by an arc of lightning!
The centaur is moderately wounded.
You are struck by an arc of lightning.
* * * LOW HITPOINT WARNING * * *
The lightning grounds out.
The centaur unwields a +0 orcbow.
The centaur closely misses you.
The centaur kicks you but does no damage.
Casting: Static Discharge (safe; 1% risk of failure)
Confirm with . or Enter, or press ? or * to list all spells.
The centaur is struck by an arc of lightning.
The centaur is heavily wounded.
You are struck by an arc of lightning.
* * * LOW HITPOINT WARNING * * *
The lightning grounds out.
The centaur hits you.
* * * LOW HITPOINT WARNING * * *
The centaur barely misses you. The centaur closely misses you. x2
Casting: Static Discharge (safe; 1% risk of failure)
Confirm with . or Enter, or press ? or * to list all spells.
The centaur is struck by an arc of lightning.
The centaur is severely wounded.
You are struck by an arc of lightning.
You die...

################################
..#..............#..............
..#.............[#..............
..#..............c..............
..#.............@#..............
..#..............#..............
..#.......########..............
###.####'##.....................
#...#.....#.....................
#...#.....#.....................
#...#.....#..........c..........
#...#.....#..>..................
#...#.....#.....................


You could see a centaur.

Vanquished Creatures
  Pikel (D:7)
  2 orc knights (Bailey)
  A kobold demonologist (D:7)
  Sigmund (D:2)
  4 water moccasins
  5 orc warriors (Bailey)
  A sky beast (D:7)
  An ice beast (D:7)
  A black bear (D:5)
  An ogre (D:5)
  2 kobold brigands
  5 bullfrogs
  A gnoll sergeant (D:7)
  4 scorpions
  6 wights
  6 killer bees (D:7)
  3 hounds
  5 jellies
  A gnoll bouda (D:7)
  3 orc wizards
  3 iguanas
  5 adders
  13 gnolls
  2 shadow imps
  A worm (D:2)
  33 orcs
  6 ball pythons
  9 endoplasms
  A giant cockroach (D:4)
  10 hobgoblins
  9 jackals (D:3)
  3 quokkas
  7 bats
  3 frilled lizards
  9 goblins
  11 kobolds
  4 rats
183 creatures vanquished.

Notes
Turn   | Place    | Note
-------+----------+-------------------------------------------
     0 | D:1      | mopl the Octopode Hedge Wizard began the quest for the Orb.
     0 | D:1      | Reached XP level 1. HP: 11/11 MP: 4/4
   274 | D:1      | You fall into a shaft and drop 1 floor!
   299 | D:2      | Reached XP level 2. HP: 17/17 MP: 3/6
   431 | D:1      | Learned a level 2 spell: Blink
   501 | D:1      | Reached XP level 3. HP: 16/21 MP: 5/7
   801 | D:2      | Noticed Sigmund
   807 | D:2      | Learned a level 3 spell: Mephitic Cloud
   815 | D:2      | Killed Sigmund
   816 | D:2      | Reached skill level 4 in Spellcasting
   816 | D:2      | Reached skill level 3 in Conjurations
   816 | D:2      | Reached skill level 3 in Translocations
   816 | D:2      | Reached XP level 4. HP: 27/27 MP: 5/10
   816 | D:2      | Reached XP level 5. HP: 31/31 MP: 5/11
   969 | D:2      | Learned a level 2 spell: Static Discharge
  1267 | D:3      | Identified the +3 spear of a Gauntlet {drain, rF++ Will-
                  | Dex+2 SInv}
  1443 | D:3      | Found a snail-covered altar of Cheibriados.
  1571 | D:3      | Reached XP level 6. HP: 36/36 MP: 12/12
  1991 | D:4      | Reached skill level 1 in Air Magic
  2101 | D:4      | Reached skill level 1 in Shields
  2284 | D:4      | Found a radiant altar of Vehumet.
  2286 | D:4      | Found a hazy altar of Hepliaklqana.
  2382 | D:5      | Entered Level 5 of the Dungeon
  2533 | D:5      | Reached skill level 4 in Conjurations
  2533 | D:5      | Reached XP level 7. HP: 26/41 MP: 9/14
  2550 | D:5      | Reached skill level 2 in Shields
  2550 | D:5      | Reached skill level 2 in Air Magic
  2683 | D:4      | Found an opulent altar of Gozag.
  2683 | D:4      | Found a blossoming altar of Fedhas.
  2692 | D:4      | Became a worshipper of Vehumet
  2958 | D:5      | Reached skill level 5 in Spellcasting
  3394 | D:6      | Reached skill level 3 in Shields
  3394 | D:6      | Reached skill level 3 in Air Magic
  3394 | D:6      | Reached XP level 8. HP: 32/46 MP: 15/15
  4335 | D:7      | Found a staircase to the Ecumenical Temple.
  4341 | D:7      | Reached skill level 5 in Conjurations
  4342 | D:7      | Noticed a kobold demonologist
  4378 | D:7      | Found a flagged portal.
  4404 | D:7      | Killed a kobold demonologist
  4405 | D:7      | Reached skill level 4 in Shields
  4405 | D:7      | Reached skill level 4 in Air Magic
  4408 | Bailey   | Entered a bailey
  4561 | Bailey   | Reached skill level 6 in Spellcasting
  4562 | Bailey   | HP: 1/46 [orc/bolt (15)]
  4563 | Bailey   | Reached XP level 9. HP: 1/51 MP: 6/18
  4607 | Bailey   | Reached * piety under Vehumet
  4607 | Bailey   | Offered knowledge of Freeze by Vehumet.
  4942 | Bailey   | Reached skill level 6 in Conjurations
  5000 | Bailey   | Noticed an orc knight
  5057 | Bailey   | Killed an orc knight
  5058 | Bailey   | Reached skill level 1 in Fighting
  5058 | Bailey   | Reached skill level 5 in Shields
  5058 | Bailey   | Reached skill level 5 in Air Magic
  5077 | Bailey   | Acquired the ring of Mijex {Drain rN+ MP+9 Str+3}
  5161 | Bailey   | Noticed an orc knight
  5203 | Bailey   | Killed an orc knight
  5204 | Bailey   | Reached skill level 2 in Fighting
  5204 | Bailey   | Reached skill level 3 in Dodging
  5771 | D:7      | Found a broken altar of Ashenzari.
  5870 | D:7      | Reached XP level 10. HP: 54/62 MP: 18/20
  5902 | D:7      | Learned a level 4 spell: Airstrike
  5907 | D:7      | Learned a level 4 spell: Iskenderun's Mystic Blast
  5930 | D:7      | Noticed Pikel
  5938 | D:7      | Killed Pikel
  5939 | D:7      | Reached skill level 3 in Fighting
  5939 | D:7      | Reached skill level 4 in Dodging
  5939 | D:7      | Reached skill level 6 in Shields
  5939 | D:7      | Reached skill level 7 in Spellcasting
  5943 | D:7      | Found a glowing silver altar of Zin.
  6127 | D:7      | Reached ** piety under Vehumet
  6127 | D:7      | Offered knowledge of Foxfire by Vehumet.
  6142 | D:7      | Reached skill level 6 in Air Magic
  6449 | D:8      | Reached skill level 7 in Conjurations
  6575 | D:8      | Found a shimmering blue altar of Sif Muna.
  6809 | D:8      | Found Hat Dola's Magic Scroll Shop.
  6813 | D:8      | Bought a scroll of amnesia for 60 gold pieces
  6813 | D:8      | Bought a scroll of enchant armour for 112 gold pieces
  6813 | D:8      | Bought a scroll of fog for 60 gold pieces
  6813 | D:8      | Bought a scroll of revelation for 112 gold pieces
  6813 | D:8      | Bought a scroll of teleportation for 45 gold pieces
  7579 | D:9      | Found a staircase to the Lair.
  7593 | D:9      | Offered knowledge of Dazzling Flash by Vehumet.
  7960 | D:9      | Reached skill level 4 in Fighting
  7963 | D:9      | HP: 3/62 [centaur (1)]
  7964 | D:9      | Killed from afar by themself

Illustrated notes

Levels and vault maps discovered:
D:1:      roderic_crossed_star, layout_basic
D:2:      layout_basic, minmay_tetromino_i4, uniq_sigmund
D:3:      layout_basic, mainiacjoe_overflow_alcove_4,
          chequers_serial_rivers_small_b, minmay_quantized
D:4:      layout_rooms, nicolae_overflow_hidden_temple,
          minmay_misc_feat_secret_circle, hangedman_abyss_or_decor_stabs,
          kennysheep_decorative_pillar
D:5:      layout_loops_corners
D:6:      layout_basic
D:7:      layout_loops_ring, mainiacjoe_overflow_six_doors_small,
          mainiacjoe_overflow_brackets, minmay_temple_entry_grid,
          enter_bailey_4, uniq_pikel
D:8:      layout_loops_cross, nicolae_overflow_crystal_walls, serial_shops, shop
D:9:      minmay_weird_star, layout_grid_maze, due_lair_maze_entry_diamond,
          minmay_orc_entry_guard_dogs

Skill      XL: |  1  2  3  4  5  6  7  8  9 10 |
---------------+-------------------------------+-----
Spellcasting   | 4 5 6 7 |  7.4
Conjurations   | 3 4 5 6 7 |  7.2
Translocations | 3 |  3.0
Air Magic      | 1 3 4 5 6 |  6.3
Shields        | 1 3 4 5 6 |  6.3
Fighting       | 2 4 |  4.0
Dodging        | 3 4 |  4.5
Stealth        | |  2.6
Summonings     | |  1.0

Action                     |  1- 3 |  4- 6 |  7- 9 | 10-12 || total
---------------------------+-------+-------+-------+-------++-------
  Melee: Dagger            |    42 |    44 |       |       ||    86
         Constrict         |    10 |    14 |    28 |     9 ||    61
         Tentacles         |    12 |    12 |    18 |    13 ||    55
         Punch             |     1 |     2 |     2 |     1 ||     6
         Spear             |       |    21 |   131 |    43 ||   195
   Cast: Magic Dart        |    22 |    48 |    54 |    25 ||   149
         Mephitic Cloud    |     1 |     2 |    21 |     4 ||    28
         Static Discharge  |       |       |    17 |    36 ||    53
    Use: Scroll            |       |       |     5 |     2 ||     7
   Stab: Sleeping          |     6 |     7 |     9 |     1 ||    23
         Confused          |       |       |     6 |     1 ||     7
 Armour: Skin              |     3 |     4 |     8 |     2 ||    17
  Dodge: Dodged            |    29 |    24 |   102 |    51 ||   206

Table legend: (Time is in decaauts)
 A = Elapsed time spent in this place.
 B = Non-inter-level travel time spent in this place.
 C = Inter-level travel time spent in this place.
 D = Time resting spent in this place.
 E = Time spent auto-exploring this place.
 F = Levels seen in this place.
 G = Mean time per level.
                   A        B        C        D        E       F      G
               +--------+--------+--------+--------+--------+-----+--------+
         Total |   7979 |   7750 |    229 |   1853 |   4341 |  10 |  797.9 |
       Dungeon |   7138 |   6909 |    229 |   1448 |   4209 |   9 |  793.1 |
        Bailey |    840 |    840 |      0 |    405 |    132 |   1 |  840.0 |
               +--------+--------+--------+--------+--------+-----+--------+

Top non-repeatable levels by time:
     D:7: 1343 daAuts
     D:8: 1156 daAuts
     D:6: 979 daAuts
     D:5: 883 daAuts
  Bailey: 840 daAuts
     D:1: 631 daAuts
     D:2: 616 daAuts
     D:4: 601 daAuts
     D:3: 551 daAuts
     D:9: 374 daAuts
